 Dungeon Crawl Stone Soup version 0.31-a0-854-g362426d53f (webtiles) character file.

Game seed: 2844419192963538710

2 Kurtz the Sneak (level 1, 21/21 HPs)
             Began as a Naga Delver on Oct 8, 2023.
             Quit the game on level 4 of the Dungeon.
             The game lasted 00:00:09 (127 turns).

Kurtz the Sneak (Naga Delver)                        Turns: 127, Time: 00:00:09

Health: 21/21      AC:  1    Str: 14    XL:     1   Next: 30%
Magic:  1/1        EV:  9    Int: 10    God:
Gold:   5          SH:  0    Dex: 12    Spells: 0/0 levels left

rFire   . . .        a - +0 hand axe
rCold   . . .        (no shield)
rNeg    . . .        b - +0 leather armour
rPois   +            (no helmet)
rElec   .            (no cloak)
rCorr   .            (no gloves)
SInv    +            (no barding)
Will    .....        (no amulet)
Stlth   +++          (no ring)
HPRegen 0.23/turn    (no ring)
MPRegen 0.07/turn

%: no passive effects
@: very slow
A: AC +0, large, see invisible, deformed body, poison resistance, slowness 2,
spit poison 1, naga tail 1
a: Spit Poison


You were on level 4 of the Dungeon.
You visited 1 branch of the dungeon, and saw 2 of its levels.

You collected 5 gold pieces.

Inventory:

Hand Weapons
 a - a +0 hand axe (weapon)
Armour
 b - a +0 leather armour (worn)
 h - a +0 scale mail
Wands
 g - a wand of digging (3)
Scrolls
 c - a scroll of fog
 d - a scroll of revelation
 e - a scroll of fear
 i - a scroll of blinking {unknown}
Potions
 f - a potion of haste


   Skills:
 - Level 3.0 Fighting
 * Level 2.2 Axes
 - Level 1.5 Dodging
 - Level 7.2 Stealth


You couldn't memorise any spells.
You didn't know any spells.
Your spell library was empty.

Dungeon Overview and Level Annotations

Branches:
Dungeon (5/15)
 Temple: D:4-7

Altars:


Innate Abilities, Weirdness & Mutations

Your serpentine skin is tough. (AC +0)
You have supernaturally acute eyesight. (SInv)
Armour fits poorly on your strangely shaped body.
Your system is resistant to poisons. (rPois)
You cover ground very slowly.
You can spit poison.
You have a snake-like lower body.


Message History

The orc completely misses you.
You barely miss the orc.
The orc is moderately wounded.
The orc hits you with a +0 hand axe! The orc hits you with a +0 hand axe.
You barely miss the orc. You punch the orc, but do no damage.
The orc is moderately wounded.
The orc hits you with a +0 hand axe.
You are too injured to fight recklessly!
You are too injured to fight recklessly!
You are too injured to fight recklessly!
Aiming: Spit Poison (3% risk of failure)
Press: ? - help, Shift-Dir - straight line, f - orc
Aim: an orc, wielding a +0 hand axe and wearing a +0 scale mail (moderately wounded, 59% to hit)
The splash of poison hits the orc but does no damage.
The orc is poisoned.
The orc is moderately wounded.
The orc hits you with a +0 hand axe.
You hit the orc but do no damage.
The orc is moderately wounded.
The orc hits you with a +0 hand axe!
* * * LOW HITPOINT WARNING * * *
You hit the orc.
You kill the orc!
Unknown command.
Things that are here:
a +0 hand axe; a +0 scale mail; an orc corpse
h - a +0 scale mail You have got your breath back.
You start resting.
HP restored.
i - a scroll labelled QUDATZA DEURUO
Found 3 scrolls labelled FUUSEAROEZ.
There is a stone staircase leading up here.
You climb upwards.
You hear the hiss of flowing sand.
There is an entrance to an ossuary on this level.
Hurry and find it before the portal is buried!
Found 10 gold pieces, a mace and a scroll labelled ZUEHUO NUALAU.
Found a stone staircase leading up.
There is a stone staircase leading down here.
Are you sure you want to abandon this character and quit the game? (Confirm with "yes".)

### . . ..## ..
.. ...#...
...#####.#.....
.......<..s....
............#
.......@..S.#
..............#
.......#.##..#.
.$..... .. ...
...)##. ... .
##.. #. .... #.
.. ....# . #.
..?..


You could see a scorpion (asleep) and an adder (asleep).

Vanquished Creatures
  An orc (D:5)
1 creature vanquished.

Notes
Turn   | Place    | Note
-------+----------+-------------------------------------------
     0 | D:5      | Kurtz the Naga Delver began the quest for the Orb.
     0 | D:5      | Reached XP level 1. HP: 21/21 MP: 1/1
    23 | D:5      | HP: 1/21 [orc/+0 hand axe (7)]
   126 | D:4      | Noticed a scorpion
   127 | D:4      | Quit the game

Illustrated notes

Levels and vault maps discovered:
D:4:      layout_rooms, overflow_temple_1_default, enter_ossuary_2,
          serial_undead, serial_undead_a, serial_undead_b, serial_undead_f,
          serial_undead_c, dk_noncrumbling_2
D:5:      layout_basic, uniq_menkaure

Action                     || total
---------------------------++-------
  Melee: Hand axe          ||     6
         Punch             ||     1
Ability: Spit Poison       ||     1
 Armour: Leather armour    ||     6
  Dodge: Dodged            ||     1

Table legend: (Time is in decaauts)
 A = Elapsed time spent in this place.
 B = Non-inter-level travel time spent in this place.
 C = Inter-level travel time spent in this place.
 D = Time resting spent in this place.
 E = Time spent auto-exploring this place.
 F = Levels seen in this place.
 G = Mean time per level.
                   A        B        C        D        E       F      G
               +--------+--------+--------+--------+--------+-----+--------+
         Total |    141 |    121 |     20 |     82 |     22 |   2 |   70.5 |
       Dungeon |    141 |    121 |     20 |     82 |     22 |   2 |   70.5 |
               +--------+--------+--------+--------+--------+-----+--------+

Top non-repeatable levels by time:
     D:5: 140 daAuts
     D:4: 0 daAuts
